Map: Thunderbird LE

Players

Serral - Winner!

  • Race: Zerg Zerg
  • Spawn Location: 5:00

Neeb

  • Race: Protoss Protoss
  • Spawn Location: 11:00

Event: 2019 WCS Summer

VOD

Have the link to the VOD?

Description

Time

  • Played on: July 14, 2019, 11:41 a.m.
  • Length: 28:45

All games in this series

Show
View Real Time Build Order
Export as new Build Order

Serral Zerg - Winner!

Build Orders: Hatch First 

Get SALT Encoding   

  12  0:00  Drone  
  13  0:12  Overlord  
  13  0:17  Drone  
  14  0:31  Drone x2  
  16  0:49  Drone  
  17  0:53  Drone  
  18  0:58  Drone, Hatchery  
  18  1:04  Extractor  
  17  1:13  Spawning Pool  
  17  1:16  Drone  
  17  1:20  Drone  
  18  1:27  Drone  
  19  1:38  Overlord  
  19  1:59  Queen  
  19  2:00  Zergling x4  
  23  2:09  Queen  
  23  2:10  Zergling x2  
  23  2:11  Drone  
  27  2:20  Drone  
  27  2:21  Drone  
  29  2:31  Drone  
  29  2:32  Drone  
  31  2:38  Pneumatized Carapace  
  31  2:43  Hatchery  
  30  2:47  Drone x2  
  32  2:52  Queen  
  32  2:57  Overlord  
  34  3:01  Drone  
  34  3:03  Drone  
  36  3:15  Drone  
  36  3:16  Drone x2  
  36  3:17  Drone x2  
  41  3:22  Metabolic Boost  
  41  3:24  Drone x2  
  43  3:30  Spore Crawler  
  41  3:35  Drone, Spore Crawler  
  41  3:38  Drone x2  
  41  3:39  Drone  
  44  3:44  Overlord  
  44  3:53  Spore Crawler  
  43  3:59  Overlord  
  43  4:01  Queen  
  43  4:02  Drone x2  
  47  4:03  Drone x2  
  47  4:04  Drone  
  50  4:11  Evolution Chamber  
  49  4:19  Zergling x2  
  49  4:20  Zergling x4  
  49  4:21  Drone x4  
  49  4:22  Drone  
  56  4:27  Drone x2  
  56  4:31  Overlord  
  57  4:34  Overlord  
  57  4:36  Drone  
  56  4:39  Zerg Melee Weapons Level 1  
  54  4:49  Overlord  
  54  4:53  Drone x4  
  54  4:54  Spore Crawler  
  54  4:57  Lair  
  57  5:02  Queen  
  59  5:07  Overlord  
  59  5:08  Drone  
  59  5:09  Drone  
  59  5:13  Drone  
  59  5:14  Drone x2  
  64  5:15  Extractor x2  
  64  5:19  Spore Crawler  
  64  5:20  Drone x2  
  63  5:22  Drone x2  
  63  5:27  Drone x3  
  68  5:32  Drone x3  
  68  5:34  Extractor  
  70  5:36  Overlord  
  70  5:37  Drone x4  
  74  5:43  Zergling x4  
  74  5:47  Zergling x2  
  74  5:48  Zergling x2  
  78  5:52  Drone  
  78  5:55  Drone x4, Extractor  
  82  6:00  Hydralisk Den  
  82  6:01  Drone  
  82  6:02  Drone x3  
  85  6:06  Baneling Nest  
  85  6:10  Drone  
  85  6:11  Extractor  
  84  6:13  Drone x2  
  84  6:15  Drone x2  
  88  6:18  Overlord  
  88  6:19  Hatchery  
  88  6:20  Overlord  
  87  6:25  Infestation Pit  
  87  6:28  Overseer  
  87  6:30  Hydralisk x2  
  87  6:32  Grooved Spines  
  90  6:36  Hydralisk x3  
  95  6:41  Hydralisk x2  
  99  6:48  Overlord x2  
  99  6:50  Hydralisk x2  
  99  6:52  Baneling x5  
  103  6:58  Zergling x4  
  105  7:01  Overlord  
  105  7:02  Overlord  
  105  7:08  Baneling  
  105  7:09  Baneling x3  
  104  7:15  Baneling x2  
  104  7:16  Baneling  
  104  7:18  Zerg Melee Weapons Level 2  
  104  7:19  Centrifical Hooks  
  104  7:24  Drone x2  
  104  7:26  Drone x2  
  104  7:28  Zergling x2  
  104  7:29  Zergling x20  
  119  7:30  Baneling  
  119  7:31  Baneling x6  
  119  7:34  Zergling x2  
  120  7:45  Muscular Augments  
  120  7:49  Zergling x14  
  125  7:52  Hatchery  
  125  7:55  Hydralisk x2  
  125  7:58  Overlord x5  
  127  8:11  Hydralisk  
  129  8:16  Hive  
  129  8:21  Drone  
  129  8:22  Drone x7, Spire  
  136  8:27  Drone  
  136  8:28  Drone  
  138  8:35  Baneling x2, Extractor  
  138  8:36  Baneling x2  
  138  8:39  Extractor  
  136  8:43  Hydralisk x2  
  136  8:44  Zergling x18  
  149  8:52  Drone  
  150  8:55  Overlord  
  150  8:56  Drone x2, Evolution Chamber  
  150  8:57  Drone  
  150  9:02  Hydralisk x2, Zergling x2  
  157  9:03  Zergling x4  
  157  9:06  Baneling x4  
  157  9:13  Zergling x2  
  157  9:14  Zergling x6  
  161  9:19  Baneling  
  161  9:20  Baneling x24  
  161  9:24  Hydralisk x2  
  161  9:25  Hydralisk, Zergling x2  
  164  9:31  Hydralisk x3  
  170  9:42  Hydralisk x2  
  170  9:43  Zergling x14  
  178  9:50  Overlord  
  176  9:59  Zerg Melee Weapons Level 3  
  167  10:00  Zergling x20, Zerg Missile Weapons Level 1  
  171  10:09  Baneling x10  
  171  10:11  Greater Spire  
  171  10:12  Drone  
  171  10:17  Zergling x2  
  171  10:18  Zergling x18  
  180  10:28  Hydralisk x2  
  161  10:29  Zergling x8  
  161  10:34  Queen  
  171  10:39  Drone x2  
  171  10:40  Corruptor x3  
  179  10:49  Hatchery  
  178  10:51  Overlord x2  
  178  10:54  Overseer  
  178  11:00  Baneling x10  
  177  11:05  Zergling x16  
  183  11:15  Adrenal Glands  
  183  11:26  Baneling x20  
  183  11:28  Zergling x22  
  183  11:29  Baneling x2  
  179  11:43  Zergling x26  
  178  11:50  Zergling x4  
  169  11:56  Corruptor x2  
  172  12:04  Brood Lord x2  
  172  12:05  Brood Lord  
  169  12:16  Pathogen Glands  
  169  12:17  Zerg Flyer Weapons Level 1, Burrow  
  169  12:18  Zerg Missile Weapons Level 2  
  169  12:21  Drone x4  
  169  12:22  Drone x4  
  171  12:23  Corruptor  
  171  12:24  Corruptor  
  171  12:28  Extractor x2  
  173  12:39  Brood Lord x2  
  177  12:44  Infestor x2  
  181  12:53  Spore Crawler  
  181  12:54  Drone  
  181  12:58  Brood Lord x2  
  185  13:00  Overlord x2  
  185  13:02  Drone x3  
  185  13:04  Spine Crawler  
  185  13:05  Spine Crawler  
  181  13:14  Infestor x3  
  181  13:18  Neural Parasite  
  186  13:20  Drone x6  
  186  13:25  Spore Crawler  
  186  13:27  Spore Crawler x2  
  182  13:31  Corruptor  
  182  13:32  Spore Crawler  
  182  13:34  Spore Crawler  
  181  13:38  Spore Crawler  
  181  13:39  Infestor, Spore Crawler  
  181  13:40  Spore Crawler  
  180  13:41  Infestor  
  182  13:52  Infestor x2  
  182  13:53  Infestor  
  186  13:59  Infestor x2  
  187  14:07  Brood Lord  
  188  14:13  Zerg Flyer Weapons Level 2  
  188  14:14  Drone x3, Spine Crawler  
  188  14:15  Drone  
  191  14:19  Spore Crawler  
  191  14:20  Spore Crawler  
  189  14:29  Spore Crawler x3  
  186  14:35  Zerg Missile Weapons Level 3  
  186  14:36  Infestor  
  188  14:42  Infestor x2  
  190  14:49  Infestor x2  
  192  15:00  Spine Crawler  
  192  15:02  Spore Crawler x2  
  189  15:10  Corruptor  
  189  15:11  Corruptor x3  
  189  15:12  Overseer  
  197  15:20  Zerg Ground Armor Level 1  
  197  15:22  Zergling x6  
  200  15:37  Spore Crawler  
  200  15:38  Spore Crawler  
  200  15:40  Spore Crawler  
  200  15:41  Infestor x3, Spore Crawler  
  199  16:08  Infestor x19  
  198  16:16  Zergling x10  
  199  16:27  Spore Crawler  
  199  16:28  Spore Crawler  
  199  16:29  Zerg Flyer Armor Level 1, Spore Crawler  
  196  16:40  Zergling x6  
  195  16:47  Infestor x2  
  195  16:52  Overlord  
  194  16:54  Zergling x14  
  194  17:09  Infestor x2  
  194  17:10  Overlord x3  
  198  17:20  Spore Crawler  
  198  17:21  Spore Crawler x4  
  198  17:22  Spore Crawler x2  
  191  17:31  Drone x9  
  200  17:45  Hatchery  
  199  17:59  Overseer x5  
  199  18:01  Baneling x7  
  199  18:05  Zerg Ground Armor Level 2  
  199  18:06  Unknown  
  199  18:07  Unknown  
  196  18:23  Zerg Flyer Weapons Level 3  
  177  18:58  Infestor x2  
  177  19:00  Drone  
  177  19:01  Drone x3  
  177  19:02  Zergling x8  
  187  19:03  Infestor x6  
  187  19:08  Overseer  
  187  19:09  Spire  
  198  19:15  Spore Crawler  
  195  19:58  Drone x2  
  195  19:59  Drone  
  194  20:00  Spire  
  194  20:02  Zergling x12  
  192  20:10  Drone x4  
  195  20:16  Queen x2, Spore Crawler  
  195  20:17  Spore Crawler x2  
  196  20:24  Greater Spire  
  196  20:27  Spore Crawler  
  193  20:34  Corruptor x4  
  199  20:59  Zerg Ground Armor Level 3  
  199  21:00  Zerg Flyer Armor Level 2  
  199  21:16  Zergling x12  
  197  21:57  Infestor  
  197  22:00  Baneling x8  
  199  22:14  Spine Crawler  
  199  22:15  Spine Crawler x2, Spore Crawler  
  194  22:30  Hatchery  
  194  22:34  Zergling x14  
  197  22:46  Infestor  
  199  22:58  Drone  
  198  23:02  Baneling x4  
  197  23:06  Infestor  
  197  23:11  Hatchery  
  192  23:41  Zergling x14  
  198  23:57  Zergling x6  
  194  24:10  Zergling x10  
  197  24:31  Zergling x4  
  197  24:32  Zergling x2  
  197  24:33  Overlord  
  200  24:41  Overseer  
  200  24:44  Zerg Flyer Armor Level 3  
  200  24:50  Overseer x2  
  200  25:12  Zergling x2  
  199  25:18  Drone x4  
  197  25:24  Drone  
  197  25:25  Drone x2  
  190  25:29  Spore Crawler x3  
  190  25:33  Zergling x26  
  200  25:47  Overseer  
  200  25:59  Overseer  
  199  26:11  Spore Crawler  
  199  26:12  Spore Crawler x2  
  199  26:14  Spore Crawler x2  
  199  26:17  Zergling x2  
  199  26:18  Zergling x22  
  200  26:22  Spore Crawler  
  200  26:23  Spine Crawler  
  200  26:24  Spine Crawler  
  190  26:35  Extractor x2  
  190  26:39  Infestor  
  188  26:40  Infestor x5  
  188  26:45  Spore Crawler  
  198  26:48  Spore Crawler  
  197  27:03  Baneling  
  197  27:04  Baneling x3  
  166  27:36  Corruptor x6  
  157  27:44  Brood Lord x4  
  172  27:49  Zergling x22  
  183  27:52  Queen x6  
  193  27:58  Infestor x10  
  193  27:59  Infestor x3  
  193  28:03  Zergling x24  
  195  28:08  Infestor x2  
  195  28:09  Infestor  
  189  28:14  Corruptor x5  
Show
View Real Time Build Order
Export as new Build Order

Neeb Protoss 

Build Orders: 1 Gate Expand, Oracle Opening, Phoenix Opening, Archon Immortal, Carriers 

Get SALT Encoding   

  12  0:00  Probe  
  13  0:13  Probe  
  14  0:21  Pylon  
  14  0:25  Probe  
  15  0:35  Probe  
  16  0:43  Probe, Gateway  
  17  0:52  Assimilator  
  17  0:53  Probe  
  18  1:05  Probe  
  19  1:17  Probe  
  20  1:30  Nexus  
  21  1:36  Cybernetics Core  
  21  1:39  Probe  
  21  1:44  Assimilator  
  21  1:51  Probe  
  21  1:53  Pylon  
  22  2:00  Probe  
  22  2:02  Stalker  
  23  2:09  Probe  
  26  2:17  Probe  
  27  2:27  Adept, Stargate  
  27  2:29  Probe  
  30  2:41  Probe x2  
  32  2:46  Warp Gate  
  32  2:52  Adept  
  32  2:53  Probe x2  
  36  3:01  Pylon  
  36  3:05  Probe x2  
  36  3:08  Phoenix  
  36  3:10  Gateway  
  38  3:19  Probe  
  41  3:20  Probe  
  42  3:31  Probe  
  42  3:32  Oracle  
  42  3:33  Probe  
  47  3:43  Probe  
  47  3:45  Probe, Pylon  
  49  3:55  Probe  
  49  3:57  Nexus  
  49  3:59  Pylon  
  49  4:01  Probe  
  51  4:06  Robotics Facility  
  51  4:08  Probe  
  52  4:13  Probe  
  52  4:15  Assimilator  
  53  4:17  Assimilator  
  53  4:20  Probe  
  54  4:25  Probe  
  54  4:27  Forge  
  55  4:31  Twilight Council  
  55  4:32  Probe  
  55  4:37  Probe  
  55  4:44  Probe  
  54  4:49  Probe, Immortal, Pylon  
  55  4:53  Sentry  
  55  4:55  Sentry  
  55  4:56  Probe  
  60  5:02  Pylon  
  60  5:04  Protoss Ground Weapons Level 1  
  64  5:08  Probe  
  64  5:10  Charge  
  64  5:11  Probe  
  66  5:16  Gateway  
  66  5:19  Immortal, Gateway  
  70  5:31  Gateway  
  70  5:36  Gateway  
  70  5:37  Probe x3  
  70  5:38  Gateway  
  70  5:42  Sentry, Zealot  
  75  5:46  Pylon  
  75  5:48  Gateway, Warp Prism  
  77  5:53  Probe x3  
  82  6:07  Probe x2, Pylon x2  
  82  6:09  Pylon  
  84  6:12  Templar Archives  
  84  6:13  Zealot  
  84  6:15  Probe  
  84  6:16  Zealot  
  89  6:24  Observer  
  89  6:25  Zealot x3  
  96  6:42  Zealot x5  
  106  6:50  Pylon  
  106  6:51  Pylon  
  106  6:53  Probe  
  106  6:54  Probe x2  
  109  6:56  Assimilator, Zealot, High Templar x2, Protoss Ground Weapons Level 2  
  109  7:00  Assimilator, Archon  
  115  7:03  Zealot x4  
  124  7:16  Observer, Probe x2  
  124  7:17  Probe  
  127  7:27  Immortal  
  127  7:28  Probe x2  
  130  7:30  Probe, Pylon  
  130  7:41  Psionic Storm  
  134  7:45  High Templar x3  
  138  7:58  Probe x2, Nexus  
  140  7:59  Probe  
  140  8:00  Photon Cannon, Immortal, Pylon  
  139  8:07  Pylon  
  143  8:15  High Templar  
  143  8:18  High Templar  
  143  8:19  Zealot x2  
  151  8:20  Probe x2  
  151  8:22  Assimilator, Zealot  
  151  8:23  Zealot x3  
  151  8:26  Assimilator, Immortal  
  161  8:29  Photon Cannon  
  161  8:33  Pylon  
  161  8:34  Gateway  
  161  8:35  Gateway  
  165  8:41  High Templar  
  165  8:42  High Templar  
  165  8:48  Archon  
  169  8:50  Photon Cannon  
  169  8:51  Photon Cannon  
  169  8:55  Photon Cannon  
  169  8:56  Zealot x2  
  169  8:57  Zealot x3, Shield Battery  
  169  9:01  Immortal  
  183  9:19  Pylon  
  183  9:30  Protoss Ground Weapons Level 3  
  173  9:32  High Templar x4  
  173  9:34  Probe  
  182  9:39  Stalker x3  
  184  9:48  Archon x2  
  184  9:50  Immortal  
  184  9:56  Probe x4  
  153  10:08  Probe x4  
  153  10:09  Zealot x2, High Templar x2  
  153  10:10  Zealot x4  
  153  10:13  Archon  
  173  10:18  Fleet Beacon  
  173  10:24  Immortal  
  173  10:28  Stargate  
  160  10:30  Zealot  
  160  10:31  Zealot x3  
  172  10:37  Stargate  
  172  10:41  Probe x2  
  174  10:58  Nexus  
  174  10:59  Observer  
  174  11:00  High Templar x2  
  177  11:08  Protoss Air Weapons Level 1  
  177  11:10  Probe  
  172  11:19  Probe  
  172  11:22  Carrier  
  172  11:23  Carrier  
  183  11:28  Zealot x8  
  183  11:31  Carrier  
  157  11:53  Zealot x2, High Templar x2  
  127  12:07  Carrier  
  127  12:12  Probe x3  
  127  12:13  Zealot x4, High Templar x2  
  127  12:14  Probe x2  
  140  12:16  Carrier  
  140  12:18  Carrier  
  134  12:24  Probe x2  
  134  12:25  Probe  
  134  12:26  Probe  
  156  12:42  High Templar  
  156  12:43  Zealot, High Templar  
  162  12:46  Archon  
  162  12:48  Probe  
  162  12:50  Assimilator x2  
  163  12:55  Pylon  
  163  12:56  Zealot x4  
  171  13:01  Protoss Air Weapons Level 2  
  171  13:06  High Templar x2  
  171  13:14  Nexus  
  171  13:17  Carrier  
  171  13:19  Photon Cannon  
  167  13:22  Carrier  
  167  13:23  Carrier  
  183  13:43  Zealot  
  185  13:50  Pylon  
  185  13:53  Zealot x3  
  185  13:54  Observer, Zealot  
  190  14:17  High Templar, Protoss Shields Level 1  
  190  14:18  High Templar x3  
  190  14:21  Archon  
  190  14:22  Archon  
  198  14:32  Photon Cannon  
  198  14:33  Photon Cannon  
  198  14:35  Photon Cannon  
  198  14:37  Photon Cannon  
  198  14:39  Shield Battery  
  198  14:42  Shield Battery  
  198  14:43  Carrier  
  198  14:44  Carrier  
  192  14:52  Mothership  
  192  15:06  Nexus  
  196  15:09  Pylon  
  196  15:16  Dark Shrine  
  196  15:26  Oracle  
  196  15:29  Photon Cannon, Zealot  
  196  15:30  Photon Cannon  
  196  15:32  Photon Cannon  
  196  15:34  Photon Cannon  
  195  15:38  Observer  
  198  15:49  Photon Cannon  
  199  16:05  Protoss Air Weapons Level 3  
  199  16:08  Photon Cannon  
  199  16:10  Photon Cannon x2  
  195  16:11  Photon Cannon  
  195  16:14  Photon Cannon  
  195  16:15  Assimilator  
  195  16:17  Assimilator  
  195  16:27  Shadow Stride  
  194  16:35  Dark Templar  
  194  16:36  Dark Templar x2  
  199  16:53  Archon  
  197  16:54  Observer  
  197  17:06  Archon  
  195  17:12  Dark Templar  
  191  17:17  Observer, Dark Templar x3  
  197  17:32  Observer  
  197  17:39  Protoss Shields Level 2  
  198  17:54  Observer  
  198  18:46  Protoss Air Armor Level 1  
  194  19:02  Dark Templar x7  
  200  19:19  Gateway  
  200  19:21  Gateway  
  200  19:23  Gateway  
  200  19:25  Nexus  
  200  19:26  Gateway  
  200  19:30  Gateway  
  200  19:31  Shield Battery  
  200  19:32  Gateway  
  200  19:33  Shield Battery  
  200  19:34  Gateway  
  200  19:35  Shield Battery  
  200  19:37  Gateway  
  200  19:40  Gateway, Pylon  
  200  19:43  Gateway  
  200  19:45  Gateway  
  200  19:51  Carrier x3  
  183  20:05  Blink  
  189  20:16  Protoss Shields Level 3  
  189  20:29  Pylon  
  183  20:43  Pylon  
  183  20:57  High Templar x2  
  183  21:00  Gateway  
  183  21:01  Gateway  
  183  21:02  Photon Cannon  
  183  21:03  Photon Cannon, Gateway  
  188  21:04  Observer  
  188  21:05  Photon Cannon, Gateway  
  188  21:06  Zealot, Archon  
  188  21:08  Gateway  
  188  21:10  Gateway  
  188  21:11  Zealot x10, Pylon  
  178  21:12  Zealot x2  
  178  21:15  Probe x3  
  178  21:16  Probe x2  
  178  21:17  Gateway  
  192  21:19  Gateway  
  192  21:22  High Templar x2  
  192  21:23  Gateway  
  192  21:26  Dark Templar x4  
  192  21:31  Photon Cannon  
  188  21:48  Carrier x2  
  196  21:58  High Templar x2  
  200  22:05  Nexus  
  200  22:10  Assimilator  
  200  22:12  Assimilator  
  195  22:33  Probe x2  
  195  22:34  Probe x2  
  195  22:35  Probe  
  199  22:42  Observer  
  191  22:45  Probe  
  192  22:56  High Templar x3  
  192  22:57  Nexus  
  196  22:59  Pylon  
  184  23:09  High Templar  
  176  23:40  High Templar x2  
  180  23:42  Zealot x2, Dark Templar x2  
  180  23:43  Zealot x6  
  200  23:51  Photon Cannon  
  200  23:55  Assimilator  
  188  24:03  Assimilator  
  180  24:18  Photon Cannon  
  180  24:19  Archon x2  
  180  24:22  Carrier x2  
  180  24:23  Dark Templar x2, Archon  
  183  24:29  Carrier  
  200  24:59  Dark Templar x2  
  197  25:17  Probe x3  
  200  25:25  Photon Cannon  
  200  25:26  Photon Cannon, Probe x2  
  198  25:34  Dark Templar x2  
  198  25:52  Photon Cannon x2  
  198  25:53  Photon Cannon  
  194  26:04  High Templar x2  
  194  26:07  Oracle  
  194  26:08  Archon  
  198  26:14  Archon  
  198  26:15  Protoss Ground Armor Level 1  
  198  26:16  Dark Templar  
  198  26:17  Zealot  
  199  26:18  Protoss Air Armor Level 2  
  199  26:23  Dark Templar  
  189  27:00  High Templar x2  
  199  27:13  Stalker x9  
  193  27:19  Stalker  
  193  27:20  Stalker x7  
  185  27:24  Archon  
  163  27:36  Stalker x6  
  163  27:37  Stalker x12  
  141  27:40  Observer  
  157  27:50  Stalker x8  
  147  28:05  High Templar x7  
  161  28:06  High Templar  
  161  28:07  Zealot x3  
  161  28:09  Archon x2  
  161  28:10  Archon  
  161  28:12  Archon  
Tags
 
Add a new tag
Caveats
  • Supply blocks, unpowered buildings, or Contaminate may cause inaccurate times.
  • Supply counts are checked every 10 seconds.